 Dungeon Crawl Stone Soup version 0.29.1-15-g9cfb28693d (webtiles) character file.

Game seed: 14116413837420518009

448 croobank the Chiller (level 7, -8/69 (76) HPs)
             Began as a Gnoll Ice Elementalist on Apr 25, 2023.
             Was a Priest of Cheibriados.
             Mangled by Joseph
             ... wielding a +0 quarterstaff
              (17 damage)
             ... on level 7 of the Dungeon.
             The game lasted 00:20:56 (4512 turns).

croobank the Chiller (Gnoll Ice Elementalist)       Turns: 4512, Time: 00:20:57

HP:   -8/69 (76)    AC:  2    Str: 15    XL:     7   Next: 3%
MP:   0/5           EV: 15    Int: 23    God:    Cheibriados [***...]
Gold: 89            SH:  5    Dex: 22    Spells: 13/17 levels left

rFire   . . .      SeeInvis .   y - +2 dagger of Peril {antimagic, rC+++ rCorr Dex+3}
rCold   + + +      Faith    .   d - +0 buckler
rNeg    . . .      Spirit   +   a - +0 robe
rPois   .          Reflect  .   (no helmet)
rElec   .          Harm     .   (no cloak)
rCorr   +          Rampage  .   (no gloves)
Will    .....                   (no boots)
Stlth   ..........              l - amulet of guardian spirit
HPRegen 0.21/turn               (no ring)
MPRegen 0.09/turn               (no ring)

@: berserking (expiring), drained, very slow
A: fangs 1, strong nose, distributed training
a: Renounce Religion, Bend Time, Temporal Distortion


You were on level 7 of the Dungeon.
You worshipped Cheibriados.
Cheibriados was most pleased with you.
You visited 1 branch of the dungeon, and saw 5 of its levels.

You collected 271 gold pieces.
You spent 182 gold pieces at shops.

Inventory:

Hand Weapons
 c - a +0 short sword
 p - a +2 flail of draining
 u - a +0 long sword
 w - a +0 war axe
 y - the +2 dagger of Peril (weapon) {antimagic, rC+++ rCorr Dex+3}
   (You bought it in a shop on level 3 of the Dungeon)

   It reduces the magical energy of the wielder, and disrupts the spells and
   magical abilities of those it strikes.
   Natural abilities and divine invocations are not affected.
   Dex:       It affects your dexterity (+3).
   rC:        It renders you almost immune to cold.
   rCorr:     It protects you from acid and corrosion.
 z - a +1 dagger of venom
Armour
 a - a +0 robe (worn)
 d - a +0 buckler (worn)
 s - a +0 ring mail
Jewellery
 h - an amulet of faith
 l - an amulet of guardian spirit (around neck)
Scrolls
 g - 3 scrolls of magic mapping {unknown}
 i - a scroll of enchant weapon {unknown}
 k - 5 scrolls of poison {unknown}
 q - a scroll of immolation {unknown}
 r - 4 scrolls of noise {unknown}
 v - 2 scrolls of vulnerability {unknown}
Potions
 b - a potion of magic
 e - 2 potions of cancellation
 j - a potion of resistance
 m - a potion of flight
 n - a potion of berserk rage
 o - a potion of attraction
 t - 3 potions of brilliance
 x - a potion of lignification


   Skills:
 + Level 2.3 Fighting
 + Level 2.3 Short Blades
 + Level 2.3 Long Blades
 + Level 2.3 Axes
 + Level 2.3 Maces & Flails
 + Level 2.3 Polearms
 + Level 2.3 Staves
 + Level 2.3 Ranged Weapons
 + Level 2.3 Throwing
 + Level 2.3 Armour
 + Level 5.1 Dodging
 + Level 4.8 Stealth
 + Level 2.3 Shields
 + Level 2.3 Unarmed Combat
 + Level 5.5 Spellcasting
 + Level 1.9 Conjurations
 + Level 1.9 Hexes
 + Level 1.9 Summonings
 + Level 1.9 Necromancy
 + Level 1.9 Translocations
 + Level 1.9 Transmutations
 + Level 1.9 Fire Magic
 + Level 7.4 Ice Magic
 + Level 1.9 Air Magic
 + Level 1.9 Earth Magic
 + Level 1.9 Poison Magic
 + Level 2.5 Invocations
 + Level 2.3 Evocations


You had 13 spell levels left.
You knew the following spells:

 Your Spells              Type           Power      Damage    Failure   Level
a - Freeze                Ice            100%       1d11      1%          1
b - Frozen Ramparts       Ice            80%        1d13      1%          3

Your spell library contained the following spells:

 Spells                   Type           Power      Damage    Failure   Level
 Ozocubu's Armour         Ice            40%        N/A       1%          3
 Confusing Touch          Hex            15%        N/A       16%         3
 Hailstorm                Conj/Ice       27%        3d7       17%         4
 Yara's Violent Unravell  Hex/Tmut       7%         3d5       83%         5
 Enfeeble                 Hex            7%         N/A       100%        7


Dungeon Overview and Level Annotations

Branches:
Dungeon (4/15)
 Temple: D:4-7

Altars:
Cheibriados
Ru

Shops:
D:3 (

Annotations:
D:7 Joseph


Innate Abilities, Weirdness & Mutations

You have very sharp teeth.
Your uncanny sense of smell can sniff out nearby items.
Your experience applies equally to all skills.


Message History

Casting: Freeze (safe; 1% risk of failure)
Confirm with . or Enter, or press ? or * to list all spells.
Aiming: Freeze (safe; 1% risk of failure)
Press: ? - help, Shift-Dir - straight line, f/p - Joseph
Aim: Joseph, wielding a +0 quarterstaff and wearing a +0 ring mail (severely wounded, slow)
You freeze Joseph!
Joseph is severely wounded.
The wight barely misses you.
Joseph says, "I've waited for this moment for such a long time."
Joseph hits you with a +0 quarterstaff! You block the wight's attack.
Casting: Freeze (safe; 1% risk of failure)
Confirm with . or Enter, or press ? or * to list all spells.
You don't have enough magic to cast this spell.
Unknown command.
Okay, then.
Okay, then.
A red film seems to cover your vision as you go berserk!
Cheibriados forces you to slow down.
You feel mighty!
The wight hits you from afar with a +0 halberd.
* * * LOW HITPOINT WARNING * * *
You feel drained.
* * * LOW HITPOINT WARNING * * *
You feel a strong urge to attack something.
The wight misses you.
The wight hits you with a +5 short sword.
* * * LOW HITPOINT WARNING * * *
You feel drained.
* * * LOW HITPOINT WARNING * * *
The wight closely misses you.
You hit the wight.
The wight is moderately damaged.
Joseph barely misses you. The wight misses you. The wight barely misses you.
The wight completely misses you. The wight misses you.
The wight hits you from afar with a +0 halberd!
* * * LOW HITPOINT WARNING * * *
You hit Joseph. You bite Joseph.
Joseph is almost dead.
You block the wight's attack. Joseph hits you with a +0 quarterstaff!
You die...

..### ....######
.###.#......####
....<.....#.....
................
.......?........
#........#.... .
#..[@...## ...
..####@z.z..##....
#.........#.......
#####.......####
##....#..#
#######.#######
#........
#########


You could see Joseph (slow) and 2 wights.

Vanquished Creatures
  Sigmund (D:4)
  An orc warrior (D:4)
  An orc wizard (D:4)
  6 gnolls
  3 adders (D:2)
  3 dart slugs
  9 orcs
  4 bats
  4 endoplasms
  2 giant cockroaches
  7 goblins
  6 hobgoblins
  5 jackals
  6 kobolds
  A quokka (D:1)
  7 ball pythons
  4 frilled lizards
  5 rats
75 creatures vanquished.

Vanquished Creatures (others)
  12 plants
12 creatures vanquished.

Grand Total: 87 creatures vanquished

Notes
Turn   | Place    | Note
-------+----------+-------------------------------------------
     0 | D:1      | croobank the Gnoll Ice Elementalist began the quest for the
                  | Orb.
     0 | D:1      | Reached XP level 1. HP: 13/13 MP: 6/6
   212 | D:1      | Reached XP level 2. HP: 19/19 MP: 5/7
  1174 | D:1      | Reached skill level 5 in Spellcasting
  1174 | D:1      | Reached XP level 3. HP: 25/25 MP: 7/9
  1251 | D:1      | Found a faded altar of an unknown god.
  1267 | D:1      | Prayed at the altar of an unknown god.
  1267 | D:1      | Became a worshipper of Cheibriados the Contemplative
  1267 | D:1      | Reached * piety under Cheibriados
  1306 | D:2      | Learned a level 3 spell: Frozen Ramparts
  1335 | D:1      | Reached skill level 1 in Invocations
  1606 | D:1      | Reached skill level 1 in Fighting
  1606 | D:1      | Reached skill level 1 in Short Blades
  1606 | D:1      | Reached skill level 1 in Long Blades
  1606 | D:1      | Reached skill level 1 in Axes
  1606 | D:1      | Reached skill level 1 in Maces & Flails
  1606 | D:1      | Reached skill level 1 in Polearms
  1606 | D:1      | Reached skill level 1 in Staves
  1606 | D:1      | Reached skill level 1 in Ranged Weapons
  1606 | D:1      | Reached skill level 1 in Throwing
  1606 | D:1      | Reached skill level 1 in Armour
  1606 | D:1      | Reached skill level 1 in Shields
  1606 | D:1      | Reached skill level 1 in Unarmed Combat
  1606 | D:1      | Reached skill level 1 in Evocations
  1716 | D:1      | Reached XP level 4. HP: 21/32 MP: 1/11
  2276 | D:2      | Reached skill level 1 in Conjurations
  2276 | D:2      | Reached skill level 1 in Hexes
  2276 | D:2      | Reached skill level 1 in Summonings
  2276 | D:2      | Reached skill level 1 in Necromancy
  2276 | D:2      | Reached skill level 1 in Translocations
  2276 | D:2      | Reached skill level 1 in Transmutations
  2276 | D:2      | Reached skill level 1 in Fire Magic
  2276 | D:2      | Reached skill level 1 in Air Magic
  2276 | D:2      | Reached skill level 1 in Earth Magic
  2276 | D:2      | Reached skill level 1 in Poison Magic
  2690 | D:2      | Reached ** piety under Cheibriados
  2841 | D:2      | Reached XP level 5. HP: 37/37 MP: 8/12
  3621 | D:3      | Reached *** piety under Cheibriados
  3838 | D:3      | Found Weicu's Antique Weapon Shop.
  3874 | D:3      | Bought an ichor-stained dagger for 182 gold pieces
  3874 | D:3      | Identified the +2 dagger of Peril {antimagic, rC+++ rCorr
                  | Dex+3} (You bought it in a shop on level 3 of the Dungeon)
  4181 | D:4      | Noticed an orc warrior
  4192 | D:4      | Killed an orc warrior
  4193 | D:4      | Reached skill level 5 in Dodging
  4193 | D:4      | Reached XP level 6. HP: 36/44 MP: 5/14
  4291 | D:4      | Noticed Sigmund
  4313 | D:4      | Killed Sigmund
  4314 | D:4      | Reached XP level 7. HP: 39/50 MP: 1/15
  4484 | D:4      | Found a snail-covered altar of Cheibriados.
  4484 | D:4      | Found a sacrificial altar of Ru.
  4484 | D:4      | You fall into a shaft and drop 3 floors!
  4492 | D:7      | Noticed Joseph
  4512 | D:7      | Mangled by Joseph

Illustrated notes

Levels and vault maps discovered:
D:1:      dpeg_arrival_oval, layout_loops_ring, shapermc_ecumenical_altar_petra,
          dreamdust_wishing_well, hangedman_decor_points, st_stairs_2,
          minmay_tiny_reverse_x
D:2:      layout_basic, kennysheep_generic_room_4
D:3:      layout_loops_ring, serial_shops, shop, minmay_unequal
D:4:      layout_basic, nicolae_overflow_two_pavilions,
          minmay_temple_entry_stoned_glass, serial_bayou, serial_bayou_pond_e,
          serial_bayou_pond_e, serial_bayou_lake_a, serial_bayou_shore_b,
          uniq_pikel, uniq_sigmund
D:7:      layout_rooms, nicolae_wu_jian_wuxing_cycle, item_on_display_a,
          uniq_joseph

Skill      XL: |  1  2  3  4  5  6 |
---------------+-------------------+-----
Spellcasting   | 5 |  5.5
Invocations    | 1 2 |  2.5
Fighting       | 1 2 |  2.3
Short Blades   | 1 2 |  2.3
Long Blades    | 1 2 |  2.3
Axes           | 1 2 |  2.3
Maces & Flails | 1 2 |  2.3
Polearms       | 1 2 |  2.3
Staves         | 1 2 |  2.3
Ranged Weapons | 1 2 |  2.3
Throwing       | 1 2 |  2.3
Armour         | 1 2 |  2.3
Shields        | 1 2 |  2.3
Unarmed Combat | 1 2 |  2.3
Evocations     | 1 2 |  2.3
Conjurations   | 1 |  1.9
Hexes          | 1 |  1.9
Summonings     | 1 |  1.9
Necromancy     | 1 |  1.9
Translocations | 1 |  1.9
Transmutations | 1 |  1.9
Fire Magic     | 1 |  1.9
Air Magic      | 1 |  1.9
Earth Magic    | 1 |  1.9
Poison Magic   | 1 |  1.9
Dodging        | 5 |  5.1
Stealth        | |  4.8
Ice Magic      | |  7.4

Action                   |  1- 3 |  4- 6 |  7- 9 || total
-------------------------+-------+-------+-------++-------
Melee: Short sword       |    23 |     8 |       ||    31
       Bite              |     3 |     2 |     1 ||     6
       Dagger            |       |    11 |    11 ||    22
 Cast: Freeze            |    27 |     9 |     2 ||    38
       Frozen Ramparts   |     2 |    33 |       ||    35
Invok: Bend Time         |       |       |     1 ||     1
  Use: Scroll            |       |       |     6 ||     6
       Potion            |       |       |     1 ||     1
 Stab: Sleeping          |     5 |       |     2 ||     7
Armor: Robe              |    10 |     2 |       ||    12
Dodge: Dodged            |    32 |    22 |    16 ||    70
Block: Buckler           |       |     5 |     2 ||     7
